 Dungeon Crawl Stone Soup version 0.28-a0-1447-ga5a8893891 (webtiles) character file.

Game seed: 1344076403677506063

252 bladeefan the Skirmisher (level 5, -3/44 HPs)
             Began as a Demonspawn Fighter on Jan 11, 2022.
             Slain by an ogre (21 damage)
             ... on level 5 of the Dungeon.
             The game lasted 00:05:45 (3507 turns).

bladeefan the Skirmisher (Demonspawn Fighter)       Turns: 3507, Time: 00:05:45

Health: -3/44      AC:  7    Str: 19    XL:     5   Next: 89%
Magic:  5/5        EV:  9    Int:  9    God:
Gold:   193        SH:  8    Dex: 12    Spells: 4/4 levels left

rFire   . . .      SeeInvis .   a - +2 flail
rCold   . . .      Faith    .   c - +0 buckler
rNeg    . . .      Spirit   .   b - +0 scale mail
rPois   .          Reflect  .   (no helmet)
rElec   .          Harm     .   (no cloak)
rCorr   .          Rampage  .   (no gloves)
Will    .....                   (no boots)
Stlth   ..........              (no amulet)
HPRegen 0.14/turn               (no ring)
MPRegen 0.09/turn               (no ring)

@: mighty
A: claws 2, condensation shield
a: no special abilities


You were on level 5 of the Dungeon.
You visited 1 branch of the dungeon, and saw 5 of its levels.

You collected 193 gold pieces.

Inventory:

Hand Weapons
 a - a +2 flail (weapon)
Armour
 b - a +0 scale mail (worn)
 c - a +0 buckler (worn)
Jewellery
 k - a ring of resist corrosion
   (You found it on level 1 of the Dungeon)
Scrolls
 e - a scroll of fear
 g - 2 scrolls of vulnerability {!r}
 h - 3 scrolls of noise {!r}
 j - a scroll of teleportation {@r4}
 q - a scroll of immolation {!r}
 r - a scroll of brand weapon {unknown}
Potions
 f - 2 potions of heal wounds {unknown}
 i - a potion of berserk rage {unknown}
 l - a potion of haste {unknown}
 m - 3 potions of flight {unknown}
 o - a potion of brilliance {unknown}


   Skills:
 * Level 5.2 Fighting
 + Level 3.1 Maces & Flails
 + Level 3.8 Armour
 - Level 2.6 Shields


You had 4 spell levels left.
You didn't know any spells.
Your spell library was empty.

Dungeon Overview and Level Annotations

Branches:
Dungeon (5/15)
 Temple: D:4-7

Altars:

Annotations:
D:4 Edmund


Innate Abilities, Weirdness & Mutations

You have very sharp fingernails.
A meltable shield of frost defends you. (SH +4)


Message History

You hit the dart slug. You hit the dart slug. You block the dart slug's attack.
You hit the dart slug but do no damage. The dart slug launches a dart at you.
The slug dart misses you.
You hit the dart slug.
You kill the dart slug!
No target in view!
No target in view!
No target in view!
An adder and a jelly come into view.
The adder hisses angrily.
The jelly quivers.
You see here 13 gold pieces.
The adder barely misses you.
You miss the adder. The adder barely misses you.
You barely miss the adder. You block the adder's attack.
The adder closely misses you.
You sock the adder!
You kill the adder!
The jelly jiggles.
You thump the jelly!
Your claws burn!
You block the jelly's attack. The jelly closely misses you.
You thump the jelly!
You kill the jelly!
No target in view!
No target in view!
You now have 193 gold pieces (gained 13).
As you read the scroll of identify {@r1}, it crumbles to dust.
e - a scroll of fear
As you read the scroll of enchant weapon, it crumbles to dust.
Your +1 flail glows red for a moment.
Found a leather armour.
Found 16 arrows.
You see here 16 arrows.
Key pressed, stopping explore.
Edmund is nearby!
There is a stone staircase leading down here.
You climb downwards.
Found 16 gold pieces.
Found a stone staircase leading down.
There is a stone staircase leading up here.
You feel very mighty all of a sudden.
The ogre hits you with a +0 giant spiked club!!
You sock the ogre! The ogre closely misses you.
You thump the ogre!
The ogre hits you with a +0 giant spiked club!
* * * LOW HITPOINT WARNING * * *
You barely miss the ogre.
The ogre hits you with a +0 giant spiked club!!
You die...

#...# #...# #...##
>... #..# #..# .#
#..#######..#
#<..wO@....#
#........#########
#.###.##... #.
#w### # #$# #.#
..# ###


You could see an ogre and a worm.

Vanquished Creatures
  A scorpion (D:4)
  A hound (D:4)
  A jelly (D:4)
  An orc wizard (D:3)
  4 adders
  A shadow imp (D:3)
  2 dart slugs
  6 orcs
  5 ball pythons
  4 bats
  4 endoplasms
  A giant cockroach (D:2)
  5 goblins
  5 hobgoblins
  2 jackals (D:3)
  5 kobolds
  4 quokkas
  2 frilled lizards
  5 rats
59 creatures vanquished.

Notes
Turn   | Place    | Note
-------+----------+-------------------------------------------
     0 | D:1      | bladeefan the Demonspawn Fighter began the quest for the
                  | Orb.
     0 | D:1      | Reached XP level 1. HP: 18/18 MP: 1/1
   209 | D:1      | Gained mutation: A meltable shield of frost defends you.
                  | (SH +4) [demonic ancestry]
   209 | D:1      | Reached XP level 2. HP: 23/24 MP: 2/2
   283 | D:1      | Found a faded altar of an unknown god.
   667 | D:2      | Reached XP level 3. HP: 13/30 MP: 3/3
  1770 | D:3      | Reached skill level 4 in Fighting
  1770 | D:3      | Gained mutation: You have sharp fingernails. [demonic
                  | ancestry]
  1770 | D:3      | Reached XP level 4. HP: 11/37 MP: 4/4
  2564 | D:4      | Gained mutation: You have very sharp fingernails. [demonic
                  | ancestry]
  2564 | D:4      | Reached XP level 5. HP: 41/43 MP: 5/5
  2871 | D:4      | Noticed Edmund
  2877 | D:4      | HP: 1/43 [Edmund (15)]
  3327 | D:4      | Reached skill level 5 in Fighting
  3496 | D:5      | Entered Level 5 of the Dungeon
  3496 | D:5      | Noticed an ogre
  3507 | D:5      | Slain by an ogre

Illustrated notes

Levels and vault maps discovered:
D:1:      heliophobic_arrival_dark_side_of_the_moon, layout_rooms,
          hellmonk_ecumenical_altar_prayer_group
D:2:      layout_basic, roderic_roman_lattice
D:3:      layout_basic
D:4:      layout_rooms, sigmund_edmund_badplayer
D:5:      kennysheep_steamy, layout_loops_ring, okawaru_altar_gauntlet_db,
          minmay_misc_feat_diagonals, nicolae_elemental_shop, uniq_eustachio,
          uniq_ijyb

Skill      XL: |  1  2  3  4  5 |
---------------+----------------+-----
Maces & Flails | 2 3 |  3.1
Armour         | 3 |  3.8
Fighting       | 4 5 |  5.2
Shields        | |  2.6

Action                   |  1- 3 |  4- 6 || total
-------------------------+-------+-------++-------
Melee: Flail             |   115 |   106 ||   221
  Use: Scroll            |     3 |     8 ||    11
       Potion            |       |     1 ||     1
Armor: Scale mail        |    54 |    43 ||    97
Dodge: Dodged            |    48 |    37 ||    85
Block: Buckler           |    45 |    46 ||    91

Table legend: (Time is in decaauts)
 A = Elapsed time spent in this place.
 B = Non-inter-level travel time spent in this place.
 C = Inter-level travel time spent in this place.
 D = Time resting spent in this place.
 E = Time spent auto-exploring this place.
 F = Levels seen in this place.
 G = Mean time per level.
                   A        B        C        D        E       F      G
               +--------+--------+--------+--------+--------+-----+--------+
         Total |   3584 |   3470 |    114 |    970 |   1705 |   5 |  716.8 |
       Dungeon |   3584 |   3470 |    114 |    970 |   1705 |   5 |  716.8 |
               +--------+--------+--------+--------+--------+-----+--------+

Top non-repeatable levels by time:
     D:3: 1467 daAuts
     D:2: 1051 daAuts
     D:4: 545 daAuts
     D:1: 509 daAuts
     D:5: 11 daAuts
